 Dungeon Crawl Stone Soup version 0.28-a0-1190-g77e1c55843 (webtiles) character file.

Game seed: 14548638910405217966

158 fauxio the Skirmisher (level 5, 0/42 HPs)
             Began as a Demonspawn Abyssal Knight on Dec 19, 2021.
             Was a Believer of Lugonu.
             Slain by Blork the orc (1 damage)
             ... on level 4 of the Dungeon.
             The game lasted 00:34:11 (3020 turns).

fauxio the Skirmisher (Demonspawn Abyssal Knight)   Turns: 3020, Time: 00:34:11

Health: 0/42       AC: 12    Str: 13    XL:     5   Next: 16%
Magic:  6/6        EV: 11    Int: 13    God:    Lugonu [**....]
Gold:   202        SH:  0    Dex: 14    Spells: 1/4 levels left

rFire   . . .      SeeInvis .   j - +1 falchion (protect)
rCold   . . .      Faith    .   (no shield)
rNeg    . . .      Spirit   .   b - +1 leather armour
rPois   .          Reflect  .   l - +0 helmet
rElec   .          Harm     .   (no cloak)
rCorr   .          Rampage  .   (no gloves)
Will    +....                   (no boots)
Stlth   +.........              (no amulet)
HPRegen 0.14/turn               e - ring of willpower
MPRegen 0.20/turn               (no ring)

@: under a protective aura, hasted, very quick
A: magic regeneration
a: Renounce Religion, Depart the Abyss, Bend Space


You were on level 4 of the Dungeon.
You worshipped Lugonu.
Lugonu was pleased with you.
You visited 1 branch of the dungeon, and saw 4 of its levels.
You visited the Abyss 1 time.

You collected 202 gold pieces.

Inventory:

Hand Weapons
 f - a +0 dagger of speed
 j - a +1 falchion of protection (weapon)
 k - a +0 hunting sling
 m - a +1 whip of electrocution
Missiles
 a - 2 throwing nets (quivered)
 c - 39 bolts
 d - 3 curare-tipped darts
Armour
 b - a +1 leather armour (worn)
 l - a +0 helmet (worn)
Jewellery
 e - a ring of willpower (left hand)
 i - a ring of resist corrosion
Potions
 g - a potion of lignification


   Skills:
 + Level 4.0 Fighting
 + Level 1.0(1.2) Short Blades
 + Level 1.2(1.4) Long Blades
 + Level 2.7 Maces & Flails
 + Level 2.4 Armour
 + Level 1.4 Dodging
 * Level 0.3 Stealth
 * Level 0.4 Spellcasting
 + Level 2.6 Invocations


You had one spell level left.
You knew the following spells:

 Your Spells              Type           Power      Damage    Failure   Level
a - Dazzling Flash        Conj/Hex       0%         N/A       75%         3

Your spell library contained the following spells:

 Spells                   Type           Power      Damage    Failure   Level
 Freeze                   Ice            0%         1d3       36%         1
 Summon Small Mammal      Summ           0%         N/A       36%         1
 Passwall                 Tmut/Erth      0%         N/A       50%         2
 Call Canine Familiar     Summ           0%         N/A       75%         3
 Conjure Flame            Conj/Fire      0%         6-21      75%         3
 Frozen Ramparts          Ice            0%         1d2       75%         3
 Ignite Poison            Fire/Tmut/Pois 0%         N/A       75%         3
 Summon Guardian Golem    Hex/Summ       0%         N/A       75%         3
 Swiftness                Air            0%         N/A       75%         3
 Hailstorm                Conj/Ice       0%         3d3       98%         4
 Iskenderun's Mystic Bla  Conj/Tloc      0%         2d3       98%         4
 Sticky Flame             Conj/Fire      0%         2d3       98%         4
 Starburst                Conj/Fire      0%         6d3       100%        6


Dungeon Overview and Level Annotations

Branches:
Dungeon (4/15)
 Temple: D:4-7

Altars:
Uskayaw
Vehumet

Shops:
D:1 ?

Annotations:
D:4 Blork the orc


Innate Abilities, Weirdness & Mutations

You regenerate magic rapidly.


Message History

The puff of flame hits you but does no damage.
Blork the orc points at you and mumbles some strange words.
The puff of frost misses you.
Throw: 2 boomerangs (disperse)
Press: ? - help, Q - select action, (/) - cycle Shift-Dir - straight line, f - Blork the orc
Aim: Blork the orc, wielding a +0 long sword of holy wrath and wearing a +0 robe (lightly wounded, fast, 64% to hit)
You throw a boomerang of dispersal.
The boomerang of dispersal barely misses Blork the orc.
Blork the orc barely misses you. x2
Throw: boomerang (disperse)
Press: ? - help, Q - select action, (/) - cycle Shift-Dir - straight line, f/p - Blork the orc
Aim: Blork the orc, wielding a +0 long sword of holy wrath and wearing a +0 robe (lightly wounded, fast, 64% to hit)
You throw a boomerang of dispersal.
The boomerang of dispersal hits Blork the orc.
Blork the orc blinks!
Blork the orc is moderately wounded.
Blork the orc screams, "I don't like you!"
Blork the orc looks satisfied for a moment.
Blork the orc looks angry.
Blork the orc gestures at you while chanting.
The magic dart hits you!
* * * LOW HITPOINT WARNING * * *
Unknown command.
You feel yourself speed up.
Blork the orc hits you with a +0 long sword of holy wrath!
* * * LOW HITPOINT WARNING * * *
You convulse.
* * * LOW HITPOINT WARNING * * *
You hit Blork the orc but do no damage.
Your weapon exudes an aura of protection.
Blork the orc is lightly wounded.
Blork the orc hits you but does no damage.
You barely miss Blork the orc.
Blork the orc is lightly wounded.
Blork the orc completely misses you.
You barely miss Blork the orc.
Blork the orc is lightly wounded.
Blork the orc screams, "I'll make a cloak from your skin!"
Blork the orc hits you with a +0 long sword of holy wrath.
You die...

......##.###...^.# ..
#........#...##.....##. .#
#..........).##......... .#
#...........o.)..#...#.# .##
#......<(..#...##..##.###..##
.###.........###...#...#..#.....
.<............###.###.##........
........(....##.o...#...>.......
........†##....@...##...........
..##......#.....................
#.....##.........#..........#
#..#......................)..
####...............(.........
###................#.......
#.........###.....##....#.#
##....<....####..#.#....####
#......##...# #..#....###


You could see Blork the orc (fast).

Vanquished Creatures
  Jessica (D:2)
  Robin (D:3)
  3 gnolls (D:3)
  An adder (D:2)
  2 dart slugs
  5 orcs (D:3)
  9 ball pythons
  5 endoplasms
  A giant cockroach (D:2)
  18 goblins
  6 hobgoblins
  4 jackals (D:2)
  3 quokkas
  4 bats
  2 frilled lizards
  2 kobolds
  3 rats
70 creatures vanquished.

Notes
Turn   | Place    | Note
-------+----------+-------------------------------------------
     0 | Abyss:1  | fauxio the Demonspawn Abyssal Knight began the quest for
                  | the Orb.
     0 | Abyss:1  | Reached XP level 1. HP: 18/18 MP: 2/2
     1 | D:1      | Escaped the Abyss
   106 | D:1      | Found Bewits's Magic Scroll Emporium.
   170 | D:1      | Gained mutation: You regenerate magic rapidly. [demonic
                  | ancestry]
   170 | D:1      | Reached XP level 2. HP: 15/24 MP: 3/3
   372 | D:1      | Found a faded altar of an unknown god.
   596 | D:2      | Reached * piety under Lugonu
   624 | D:2      | Noticed Jessica
   654 | D:2      | Killed Jessica
   655 | D:2      | Reached skill level 1 in Dodging
   655 | D:2      | Reached XP level 3. HP: 18/30 MP: 4/4
  1041 | D:2      | Reached XP level 4. HP: 22/37 MP: 5/5
  1464 | D:2      | Learned a level 3 spell: Dazzling Flash
  1554 | D:3      | Found a radiant altar of Vehumet.
  1605 | D:3      | Noticed a +0 hand axe
  1605 | D:3      | Noticed a +0 dagger
  1606 | D:3      | Found a hide-covered altar of Uskayaw.
  2022 | D:3      | Noticed Robin
  2035 | D:3      | Reached ** piety under Lugonu
  2047 | D:3      | Killed Robin
  2048 | D:3      | Reached skill level 1 in Short Blades
  2056 | D:3      | HP: 1/37 [hobgoblin[Robin] (1)]
  2436 | D:3      | Reached skill level 1 in Long Blades
  2436 | D:3      | Reached XP level 5. HP: 18/42 MP: 6/6
  2445 | D:3      | Reached skill level 4 in Fighting
  2984 | D:4      | Noticed Blork the orc
  3017 | D:4      | HP: 1/42 [Blork the orc (3)]
  3020 | D:4      | Slain by Blork the orc

Illustrated notes

Levels and vault maps discovered:
D:1:      erik_arrival_blinker_ship, layout_basic, serial_shops,
          nicolae_square_shop, dreamdust_ecumenical_altar_grove
D:2:      layout_basic, uniq_jessica
D:3:      layout_basic, dancing_weapons_uskayaw, vehumet_crystals, uniq_robin
D:4:      layout_cave_pools, serial_bayou_ford_a, minmay_misc_feat_room,
          nicolae_shop_fire_sale [nicolae_sub_dead_trees], uniq_edmund,
          uniq_menkaure, uniq_blork_the_orc

Skill      XL: |  1  2  3  4  5 |
---------------+----------------+-----
Armour         | 2 |  2.4
Maces & Flails | 2 |  2.7
Dodging        | 1 |  1.4
Short Blades   | 1 |  1.0
Long Blades    | 1 |  1.2
Fighting       | 4 |  4.0
Stealth        | |  0.3
Spellcasting   | |  0.4
Invocations    | |  2.6

Action                   |  1- 3 |  4- 6 || total
-------------------------+-------+-------++-------
Melee: Mace              |    36 |       ||    36
       Dagger            |    72 |   120 ||   192
       Falchion          |       |    73 ||    73
       Whip              |       |     8 ||     8
Throw: Dart              |       |     2 ||     2
       Boomerang         |       |     2 ||     2
Invok: Depart the Abyss  |     1 |       ||     1
  Use: Potion            |     2 |     1 ||     3
       Scroll            |     1 |     5 ||     6
Armor: Leather armour    |    26 |    53 ||    79
Dodge: Dodged            |    74 |   130 ||   204

Table legend: (Time is in decaauts)
 A = Elapsed time spent in this place.
 B = Non-inter-level travel time spent in this place.
 C = Inter-level travel time spent in this place.
 D = Time resting spent in this place.
 E = Time spent auto-exploring this place.
 F = Levels seen in this place.
 G = Mean time per level.
                   A        B        C        D        E       F      G
               +--------+--------+--------+--------+--------+-----+--------+
         Total |   2976 |    898 |   2078 |      0 |      0 |   5 |  595.2 |
       Dungeon |   2975 |    897 |   2078 |      0 |      0 |   4 |  743.8 |
         Abyss |      1 |      1 |      0 |      0 |      0 |   1 |    1.0 |
               +--------+--------+--------+--------+--------+-----+--------+

Top non-repeatable levels by time:
     D:3: 1389 daAuts
     D:2: 881 daAuts
     D:1: 584 daAuts
     D:4: 121 daAuts
 Abyss:1: 1 daAuts
